 Dungeon Crawl Stone Soup version 0.23-a0-489-g205b0b6 (console) character file.

931 bli the Magician (level 8, -18/44 HPs)
             Began as a Gargoyle Earth Elementalist on Dec 2, 2018.
             Demolished by an orc warrior
             ... wielding a +0 halberd
              (20 damage)
             ... on level 5 of the Dungeon.
             The game lasted 00:32:07 (4503 turns).

bli the Magician (Gargoyle Earth Elementalist)      Turns: 4503, Time: 00:32:09

Health: -18/44     AC: 10    Str: 13    XL:     8   Next: 11%
Magic:  9/18       EV: 12    Int: 16    God:
Gold:   222        SH:  0    Dex: 11    Spells: 14/20 levels left

rFire    . . .     SeeInvis .   b - +0 whip
rCold    + . .     Gourm    .   (no shield)
rNeg     + . .     Faith    .   G - +2 robe {MR+}
rPois    ∞         Spirit   .   A - +0 helmet
rElec    +         Reflect  .   o - scarf {cloud immunity}
rCorr    .         Harm     .   (no gloves)
MR       +....                  (no boots)
Stlth    ++........             (no amulet)
HPRegen  0.14/turn              r - ring of protection from cold
MPRegen  0.16/turn              f - ring of flight (curse)

@: no status effects
A: negative energy resistance 1, electricity resistance, unbreathing,
petrification resistance, rot immunity, AC +5
a: Evoke Flight


You were on level 5 of the Dungeon.
You were not hungry.

You visited 1 branch of the dungeon, and saw 5 of its levels.

You collected 222 gold pieces.

Inventory:

Hand Weapons
 a - a +1 flail of draining
 b - a +0 whip (weapon)
 p - a +0 hunting sling
 B - a +0 spear of flaming
 C - a +0 flail
 E - a +0 dagger of electrocution
 F - a +0 club
 H - a +2 spear of flaming
Missiles
 e - 9 tomahawks
 m - 8 poisoned needles
 n - 37 stones (quivered)
Armour
 c - a +0 robe
 o - a scarf of cloud immunity (worn)
 w - a +0 cloak
 A - a +0 helmet (worn)
 D - a +0 leather armour
 G - a +2 robe of magic resistance (worn)
Jewellery
 f - a cursed ring of flight (right hand)
 q - an uncursed ring of protection from cold
 r - a ring of protection from cold (left hand)
 y - an uncursed ring of resist corrosion
Wands
 k - a wand of flame (29)
Scrolls
 g - 2 scrolls of random uselessness
 i - 2 scrolls of identify
 s - a scroll of amnesia {unknown}
 t - 3 scrolls of teleportation
 u - 3 scrolls of magic mapping {unknown}
 v - 3 scrolls of fear {unknown}
Potions
 h - a potion of lignification {unknown}
 j - 2 potions of curing
 l - a potion of might {unknown}
 x - a potion of degeneration
Comestibles
 d - 3 rations
 z - 4 chunks of flesh


   Skills:
 + Level 1.9 Fighting
 + Level 2.0 Dodging
 + Level 3.0 Stealth
 * Level 6.8 Spellcasting
   Level 0.7 Transmutations
 + Level 6.4 Earth Magic


You had 14 spell levels left.
You knew the following spells:

 Your Spells              Type           Power        Failure   Level  Hunger
a - Sandblast             Erth           ####..       1%          1    None
d - Lee's Rapid Deconstr  Erth           ####......   26%         5    #####..

Your spell library contained the following spells:

 Spells                   Type           Power        Failure   Level  Hunger
 Passwall                 Tmut/Erth      ###.....     4%          2    None
 Stone Arrow              Conj/Erth      ###...       10%         3    ##.....
 Petrify                  Tmut/Erth      ###.....     28%         4    ####...


Dungeon Overview and Level Annotations

Branches:
Dungeon (5/15)
 Temple: D:4-7

Altars:
Gozag
Sif Muna
Yredelemnul
The Shining One


Innate Abilities, Weirdness & Mutations

You are resistant to torment.
Your stone body is resilient. (AC +5)
You are immune to poison.
You resist negative energy. (rN+)
You are resistant to electric shocks. (rElec)
You can survive without breathing.
You are immune to petrification.
You are immune to rotting.


Message History

The orc warrior hits you from afar with a +0 halberd!
* * * LOW HITPOINT WARNING * * *
Casting: Sandblast (safe; 1% risk of failure)
Confirm with . or Enter, or press ? or * to list all spells.
Aiming: Sandblast (safe; 1% risk of failure)
Press: ? - help, Shift-Dir - straight line, f/p - orc warrior
Aim: an orc warrior, wielding a +0 halberd and wearing a +0 chain mail (almost The blast of sand hits the orc warrior.
The orc warrior is almost dead.
n - 38 stones
Casting: Sandblast (safe; 1% risk of failure)
Confirm with . or Enter, or press ? or * to list all spells.
Aiming: Sandblast (safe; 1% risk of failure)
Press: ? - help, Shift-Dir - straight line, f/p - orc warrior
Aim: an orc warrior, wielding a +0 halberd and wearing a +0 chain mail (almost The blast of sand hits the orc warrior.
The orc warrior is almost dead.
n - 37 stones The orc warrior hits you from afar with a +0 halberd!!
You die...

♣♣ o♣ ♣♣......♣♣.♣
.♣♣♣♣ ♣.
♣...♣♣♣...♣. ♣...♣♣
♣♣. ♣♣♣...♣ ♣♣♣♣♣♣
♣♣♣♣.♣♣♣♣.♣♣ ♣....♣♣
♣ ♣...♣♣..♣ ♣♣♣♣..♣♣
♣♣♣....♣♣ ♣♣..♣
♣♣.♣♣♣ ♣♣♣..♣♣ ♣♣♣.♣
♣♣♣♣....♣ ♣..♣♣
♣♣♣.....♣♣♣ ♣♣ ♣.♣♣
♣♣....♣♣♣♣ .♣ ♣.♣♣
♣♣♣♣.@.♣♣♣ ♣♣
♣♣.♣♣♣♣..o.♣♣♣ ♣♣
♣♣..((.♣♣♣♣ (♣♣♣
♣♣♣♣...♣ ♣..♣♣♣
♣♣...♣♣♣♣♣♣♣
♣♣♣..♣♣♣
♣..........♣
♣♣♣..♣♣♣..♣♣♣♣♣♣♣...
♣♣♣....♣♣ ♣♣♣♣♣♣
######## #####
#......#####


You could see an orc warrior.

Vanquished Creatures
  An ice beast (D:2)
  A phantom (D:3)
  A centaur (D:5)
  A howler monkey (D:4)
  A crimson imp (D:5)
  A hound (D:4)
  An orc priest (D:4)
  A jelly (D:5)
  A centaur skeleton (D:3)
  Ijyb (D:3)
  An iguana (D:4)
  3 orc wizards (D:4)
  Natasha (thrice) (D:2)
  3 worker ants
  Robin (D:4)
  4 gnolls (D:4)
  6 adders
  2 oozes
  An adder skeleton (D:5)
  A worm (D:3)
  2 leopard geckos
  13 orcs
  6 bats
  3 giant cockroaches
  17 goblins
  10 hobgoblins
  10 jackals
  8 frilled lizards
  5 kobolds
  6 rats
115 creatures vanquished.

Notes
Turn   | Place    | Note
-------+----------+-------------------------------------------
     0 | D:1      | bli the Gargoyle Earth Elementalist began the quest for the
                  | Orb.
     0 | D:1      | Reached XP level 1. HP: 10/10 MP: 3/3
   111 | D:1      | Reached XP level 2. HP: 15/15 MP: 1/5
   295 | D:1      | Reached XP level 3. HP: 13/19 MP: 5/7
   652 | D:2      | Found a basalt altar of Yredelemnul.
   849 | D:2      | Found an opulent altar of Gozag.
   849 | D:2      | Found Gozag's Platinum Reserve.
   908 | D:2      | Noticed Natasha
   913 | D:2      | Killed Natasha
   913 | D:2      | Reached XP level 4. HP: 20/24 MP: 5/9
  1072 | D:2      | Noticed an ice beast
  1190 | D:2      | Noticed Natasha
  1198 | D:2      | Killed Natasha
  1235 | D:2      | Noticed Natasha
  1240 | D:2      | Killed Natasha
  1240 | D:2      | Reached XP level 5. HP: 15/28 MP: 7/11
  1447 | D:2      | Killed an ice beast
  1447 | D:2      | Reached skill level 1 in Fighting
  1447 | D:2      | Reached XP level 6. HP: 8/34 MP: 6/13
  1456 | D:2      | Learned a level 5 spell: Lee's Rapid Deconstruction
  1900 | D:3      | Reached skill level 5 in Spellcasting
  2027 | D:3      | Noticed a phantom
  2040 | D:3      | Killed a phantom
  2177 | D:3      | Noticed Ijyb
  2220 | D:3      | Killed Ijyb
  2842 | D:4      | Noticed Robin
  3028 | D:4      | Reached XP level 7. HP: 38/38 MP: 11/15
  3055 | D:4      | Killed Robin
  3118 | D:4      | Reached skill level 5 in Earth Magic
  4021 | D:4      | Found a deep blue altar of Sif Muna.
  4031 | D:4      | Found a glowing golden altar of the Shining One.
  4167 | D:5      | Entered Level 5 of the Dungeon
  4333 | D:5      | Reached XP level 8. HP: 39/44 MP: 12/17
  4501 | D:5      | HP: 2/44 [orc warrior/+0 halberd (17)]
  4503 | D:5      | Demolished by an orc warrior

Vault maps used:
D:1:      dpeg_arrival_long_road
D:2:      yredelemnul_altar_generic, nicolae_gozag_zags_fifth_avenue,
          uniq_natasha
D:3:      chequers_serial_rivers_small_b, uniq_ijyb
D:4:      grunt_temple_overflow_open, first_ration, uniq_robin
D:5:      kb_forest_paths, kennysheep_nub, minmay_misc_feat_rows,
          hangedman_abyss_or_decor_stagger

Skill      XL: |  1  2  3  4  5  6  7 |
---------------+----------------------+-----
Earth Magic    | 4 6 |  6.4
Spellcasting   | 3 4 5 6 |  6.8
Fighting       | 1 |  1.9
Dodging        | 2 |  2.0
Stealth        | 3 |  3.0
Transmutations | |  0.7

Action                   |  1- 3 |  4- 6 |  7- 9 || total
-------------------------+-------+-------+-------++-------
Melee: Unarmed           |    14 |       |       ||    14
       Club              |    88 |       |       ||    88
       Mace              |       |    54 |       ||    54
       Whip              |       |    62 |   117 ||   179
Throw: Stone             |    25 |    34 |    48 ||   107
 Cast: Sandblast         |    19 |    46 |    87 ||   152
Evoke: Wand              |       |       |     1 ||     1
  Use: Scroll            |       |     6 |       ||     6
 Stab: Sleeping          |     1 |     3 |     1 ||     5
  Eat: Chunk             |       |     7 |     5 ||    12
Armor: Robe              |    32 |    51 |    81 ||   164
Dodge: Dodged            |    91 |    96 |   123 ||   310

Table legend:
 A = Non-vault XP
 B = Vault XP
 C = Vault XP percentage of total XP
 D = Non-vault monster count
 E = Vault monster count
 F = Vault count percentage of total count
                 A         B        C        D         E       F
            +---------+---------+-------+---------+---------+-------
      Total |    1019 |     312 |  23.4 |      97 |      18 |  15.7
            +---------+---------+-------+---------+---------+-------
        D:1 |      47 |       0 |   0.0 |      27 |       0 |   0.0
        D:2 |     243 |      33 |  12.0 |      16 |       1 |   5.9
        D:3 |     216 |      44 |  16.9 |      23 |       5 |  17.9
        D:4 |     427 |      29 |   6.4 |      24 |       8 |  25.0
        D:5 |      86 |     206 |  70.5 |       7 |       4 |  36.4
            +---------+---------+-------+---------+---------+-------
